 Dungeon Crawl Stone Soup version 0.28.0-53-g5a82cb258f (webtiles) character file.

Game seed: 3019924233332432681

667 Tyros the Ruffian (level 7, -2/67 HPs)
             Began as a Troll Fighter on July 7, 2022.
             Was a Priest of Lugonu.
             Slain by a water moccasin (7 damage)
             ... on level 4 of the Dungeon.
             The game lasted 00:15:25 (2711 turns).

Tyros the Ruffian (Troll Fighter)                   Turns: 2711, Time: 00:15:26

Health: -2/67      AC:  4    Str: 27    XL:     7   Next: 31%
Magic:  7/7        EV:  9    Int:  4    God:    Lugonu [***...]
Gold:   183        SH:  7    Dex:  9    Spells: 6/6 levels left

rFire   + . .      SeeInvis .     - Unarmed
rCold   x . .      Faith    .   b - +0 kite shield
rNeg    . . .      Spirit   .   a - +0 robe
rPois   .          Reflect  .   (helmet restricted)
rElec   .          Harm     .   (no cloak)
rCorr   .          Rampage  .   (gloves unavailable)
Will    .....                   (boots unavailable)
Stlth   +.........              (no amulet)
HPRegen 1.01/turn               k - ring of fire
MPRegen 0.10/turn               (no ring)

@: lethally poisoned (-2 -> -21)
A: large, unfitting armour, claws 3, regeneration 1, shaggy fur 1, tough skin 1
a: Renounce Religion, Depart the Abyss, Bend Space, Banish


You were on level 4 of the Dungeon.
You worshipped Lugonu.
Lugonu was most pleased with you.
You visited 1 branch of the dungeon, and saw 4 of its levels.

You collected 183 gold pieces.

Inventory:

Armour
 a - a +0 robe (worn)
 b - a +0 kite shield (worn)
Jewellery
 k - a ring of fire (left claw)
Wands
 c - a wand of paralysis (3)
 m - a wand of acid (3)
Scrolls
 e - a scroll of teleportation
 f - a scroll of blinking
 h - a scroll of fog {unknown}
 i - a scroll of magic mapping {unknown}
Potions
 d - 3 potions of curing {unknown}
 g - a potion of brilliance {unknown}
 j - a potion of degeneration {unknown}
 n - a potion of lignification {unknown}
 o - a potion of cancellation {unknown}


   Skills:
 * Level 3.1 Fighting
 * Level 1.5 Throwing
 * Level 1.5 Armour
 * Level 3.5 Dodging
 * Level 1.1 Stealth
 * Level 3.3 Shields
 * Level 4.4 Unarmed Combat
 * Level 1.5 Invocations
 * Level 0.9 Evocations


You had 6 spell levels left.
You didn't know any spells.
Your spell library contained the following spells:

 Spells                   Type           Power      Damage    Failure   Level
 Summon Small Mammal      Summ           0%         N/A       80%         1
 Call Canine Familiar     Summ           0%         N/A       99%         3
 Summon Guardian Golem    Hex/Summ       0%         N/A       99%         3


Dungeon Overview and Level Annotations

Branches:
Dungeon (4/15)
 Temple: D:4-7

Altars:
Cheibriados
Yredelemnul
Zin
Lugonu


Innate Abilities, Weirdness & Mutations

You are too large for most types of armour.
You have claws for hands.
Your natural rate of healing is unusually fast.
You are covered in fur. (AC +1)
You have tough skin. (AC +1)


Message History

Unknown command.
You barely miss the water moccasin. The water moccasin barely misses you.
The water moccasin closely misses you.
You closely miss the water moccasin. The water moccasin bites you.
You barely miss the water moccasin. You block the water moccasin's attack.
The water moccasin closely misses you.
You closely miss the water moccasin. The water moccasin bites you!
You are poisoned.
The water moccasin poisons you!
You scratch the water moccasin.
The water moccasin is lightly wounded.
You feel very sick. The water moccasin bites you.
You are more poisoned.
The water moccasin poisons you! The water moccasin bites you.
You closely miss the water moccasin.
The water moccasin is lightly wounded.
You feel very sick. The water moccasin bites you.
You barely miss the water moccasin.
The water moccasin is lightly wounded.
You feel very sick. The water moccasin bites you! The water moccasin bites you.
* * * LOW HITPOINT WARNING * * *
Aiming: Corrosive Bolt
Press: ? - help, Shift-Dir - straight line, f/p - water moccasin
Aim: a water moccasin (lightly wounded, 53% to hit)
The bolt of acid hits the water moccasin!
The water moccasin is severely wounded.
You feel very sick. The water moccasin bites you.
* * * LOW HITPOINT WARNING * * *
You closely miss the water moccasin.
The water moccasin is severely wounded.
You feel very sick. The water moccasin bites you.
* * * LOW HITPOINT WARNING * * *
You are lethally poisoned!
The water moccasin poisons you! The water moccasin bites you!
You die...

..# #...... #.# ...!..
####... #.# ♣....♣
#...... #.# #≈ ♣....♣
#.####. ..# #≈. ♣....♣ #
#. ... #≈.♣♣♣♣....♣♣♣♣ #.
#.# #≈............. #.
#.## +.......??..... ##
.. +.....)@S(....( #.###
#≈............. ....#
.##≈.♣♣♣♣....♣♣♣♣
....###.## ♣....♣
........# ♣....♣
....##..##≈.♣♣♣♣....♣♣♣♣
........ #≈.............
#.####.#.#≈≈≈≈≈≈≈..≈≈≈≈≈
####
..####.#.########++######
#...


You could see a water moccasin.

Vanquished Creatures
  The ghost of Diggabert the Skirmisher, an amateur FoAK of Lugonu (D:3)
  A phantom (D:4)
  A scorpion (D:4)
  A hound (D:4)
  A jelly (D:4)
  A centaur skeleton (D:4)
  An iguana (D:4)
  3 orc wizards
  A hound skeleton (D:4)
  Robin (D:3)
  2 adders (D:2)
  A gnoll (D:1)
  2 worms
  3 dart slugs (D:4)
  3 orcs (D:4)
  12 ball pythons
  8 endoplasms
  A giant cockroach (D:3)
  13 goblins
  11 hobgoblins
  3 jackals (D:1)
  3 kobolds
  3 quokkas
  3 bats
  2 frilled lizards (D:1)
  6 rats
88 creatures vanquished.

Notes
Turn   | Place    | Note
-------+----------+-------------------------------------------
     0 | D:1      | Tyros the Troll Fighter began the quest for the Orb.
     0 | D:1      | Reached XP level 1. HP: 22/22 MP: 0/0
   129 | D:1      | Reached XP level 2. HP: 29/29 MP: 1/1
   326 | D:1      | Found a faded altar of an unknown god.
   326 | D:1      | Noticed a chaos spawn
   336 | D:1      | Prayed at the altar of an unknown god.
   336 | D:1      | Became a worshipper of Lugonu the Unformed
   336 | D:1      | Reached * piety under Lugonu
   336 | D:1      | Reached ** piety under Lugonu
   456 | D:1      | Reached XP level 3. HP: 32/36 MP: 2/2
  1215 | D:3      | Reached XP level 4. HP: 44/44 MP: 3/3
  1249 | D:3      | Noticed Diggabert's ghost (amateur FoAK)
  1251 | D:3      | Found a transporter.
  1255 | D:3      | Found a transporter.
  1661 | D:3      | Reached skill level 3 in Unarmed Combat
  1803 | D:3      | Noticed Robin
  1825 | D:3      | Killed Robin
  1825 | D:3      | Reached *** piety under Lugonu
  1873 | D:3      | Found a glowing silver altar of Zin.
  1873 | D:3      | Found a snail-covered altar of Cheibriados.
  1874 | D:3      | Found a basalt altar of Yredelemnul.
  2152 | D:3      | Reached XP level 5. HP: 16/52 MP: 2/4
  2239 | D:3      | Killed Diggabert's ghost
  2240 | D:3      | Reached skill level 1 in Throwing
  2240 | D:3      | Reached skill level 1 in Armour
  2240 | D:3      | Reached skill level 1 in Invocations
  2240 | D:3      | Reached XP level 6. HP: 59/61 MP: 5/5
  2342 | D:4      | Reached skill level 4 in Unarmed Combat
  2368 | D:4      | Reached skill level 1 in Stealth
  2584 | D:4      | Reached XP level 7. HP: 67/67 MP: 5/7
  2711 | D:4      | Slain by a water moccasin

Illustrated notes

Levels and vault maps discovered:
D:1:      psy_arrival_heroes, layout_rooms,
          dreamdust_ecumenical_altar_sealed_demon,
          amcnicky_mini_rare_corridor_liquid, minmay_crystal_water
D:2:      layout_rooms
D:3:      layout_basic, gammafunk_temple_overflow_forgotten,
          gammafunk_ghost_arena, kennysheep_generic_room_8, uniq_robin
D:4:      layout_loops_ring, kennysheep_dice, uniq_grinder

Skill      XL: |  1  2  3  4  5  6 |
---------------+-------------------+-----
Unarmed Combat | 3 4 |  4.4
Dodging        | 3 |  3.5
Fighting       | 3 |  3.1
Throwing       | 1 |  1.5
Armour         | 1 |  1.5
Shields        | 3 |  3.3
Invocations    | 1 |  1.5
Stealth        | 1 |  1.1
Evocations     | |  0.9

Action                   |  1- 3 |  4- 6 |  7- 9 || total
-------------------------+-------+-------+-------++-------
Melee: Unarmed           |    85 |    81 |    20 ||   186
Throw: Large rock        |       |    13 |     3 ||    16
Invok: Bend Space        |     1 |     2 |       ||     3
Evoke: Wand              |       |     6 |     4 ||    10
  Use: Scroll            |     3 |     1 |       ||     4
       Potion            |       |     1 |       ||     1
Armor: Robe              |    18 |    29 |       ||    47
Dodge: Dodged            |    38 |    31 |     7 ||    76
Block: Kite shield       |    27 |    39 |     6 ||    72
